 Dungeon Crawl Stone Soup version 0.22-a0-750-ga7dcef7 (webtiles) character file.

58 sking99 the Insei (level 4, 0/29 HPs)
             Began as an Octopode Transmuter on July 15, 2018.
             Was an Initiate of Fedhas.
             Succumbed to an adder's poison
             ... on level 2 of the Dungeon.
             The game lasted 00:02:15 (560 turns).

sking99 the Insei (Octopode Transmuter)              Turns: 560, Time: 00:02:15

Health: 0/29       AC:  1    Str:  9    XL:     4   Next: 2%
Magic:  4/7        EV: 14    Int: 20    God:    Fedhas [......]
Gold:   63         SH:  0    Dex: 13    Spells: 1/7 levels left

rFire    . . .     SeeInvis .     - Unarmed
rCold    . . .     Gourm    .   (no shield)
rNeg     . . .     Faith    .   (helmet restricted)
rPois    .         Spirit   .   (no amulet)
rElec    .         Reflect  .   (no ring)
rCorr    .         Harm     .   (no ring)
MR       .....                  (no ring)
Stlth    ++........             (no ring)
HPRegen  0.09/turn              (no ring)
MPRegen  0.10/turn              (no ring)
                                (no ring)
                                (no ring)

@: brilliant, lethally poisoned (0 -> -18), flying, very slightly contaminated,
invisible
A: almost no armour, stealthy swim, amphibious, 8 rings, constrict 8, camouflage
1, gelatinous body 1
a: Fungal Bloom, Renounce Religion


You were on level 2 of the Dungeon.
You worshipped Fedhas.
Fedhas was noncommittal.
You were not hungry.

You visited 1 branch of the dungeon, and saw 2 of its levels.

You collected 63 gold pieces.

Inventory:

Missiles
 a - 56 arrows
Scrolls
 b - a scroll of remove curse {unknown}
 d - a scroll of blinking
 e - a scroll of magic mapping
 h - a scroll of enchant weapon
 k - a scroll of teleportation {unknown}
Comestibles
 c - 5 rations


   Skills:
 - Level 1.8 Fighting
 - Level 2.6 Dodging
 * Level 4.0 Unarmed Combat
 - Level 2.0 Spellcasting
 + Level 2.0 Transmutations
 + Level 0.3 Poison Magic


You had one spell level left.
You knew the following spells:

 Your Spells              Type           Power        Failure   Level  Hunger
a - Beastly Appendage     Tmut           ###...       1%          1    #......
b - Sticks to Snakes      Tmut           ###.....     1%          2    ##.....
c - Spider Form           Tmut/Pois      ###.......   3%          3    ###....

Your spell library contained the following spells:

 Spells                   Type           Power        Failure   Level  Hunger
 Blade Hands              Tmut           ###.......   19%         5    ######.
 Ice Form                 Ice/Tmut       ###.....     12%         4    #####..


Dungeon Overview and Level Annotations

Branches:
Dungeon (2/15)

Altars:
Fedhas


Innate Abilities, Weirdness & Mutations

You cannot wear most types of armour.
You are very stealthy in the water. (Stealth+)
You are amphibious.
You can wear up to eight rings at the same time.
You can use your tentacles to constrict eight enemies at once.
Your skin changes colour to match your surroundings (Stealth+).
Your rubbery body absorbs attacks. (AC +1, EV +1)


Message History

It was a potion of flight.
You feel very buoyant.
You fly up into the air.
* * * LOW HITPOINT WARNING * * *
You feel sick. The rat bites you.
* * * LOW HITPOINT WARNING * * *
You hit the rat.
You kill the rat!
* * * LOW HITPOINT WARNING * * *
You feel sick.
Unknown command.
A frilled lizard comes into view.
* * * LOW HITPOINT WARNING * * *
You feel sick.
Your transformation has ended.
* * * LOW HITPOINT WARNING * * *
You feel sick.
A bat and 2 jackals come into view.
You die...
Fedhas appreciates your contribution to the ecosystem.

*,* *,,,,,,,,* *,##*
*h#*****,* *,..# *h# *,*
**#.# *l# *,* ***** #.#
*#.## *,* *,,,, #.#
##...####*,***,**, #.#
##.......b,,,,,,,,,
##$###.....####***,,,,,,
#......@.......,,,,,,,,,
#..###...######***,,,,,*
#..# ##### **,,,** #..#
**,,* #..# *,,* #..#*
*,,* ######.#.## *,,**
#.....###.# *,,,*
#.####.#.## #.*,,


You could see 2 jackals, a bat (sleeping) and a frilled lizard (sleeping).

Vanquished Creatures
  Terence (D:2)
  2 adders (D:2)
  A leopard gecko (D:1)
  A giant cockroach (D:1)
  A goblin (D:1)
  3 hobgoblins (D:1)
  2 kobolds
  3 bats (D:1)
  2 frilled lizards (D:2)
  3 rats
19 creatures vanquished.

Vanquished Creatures (others)
  A toadstool (D:2)
1 creature vanquished.

Grand Total: 20 creatures vanquished

Notes
Turn   | Place    | Note
-------+----------+-------------------------------------------
     0 | D:1      | sking99 the Octopode Transmuter began the quest for the Orb.
     0 | D:1      | Reached XP level 1. HP: 13/13 MP: 3/3
   220 | D:1      | Reached XP level 2. HP: 17/18 MP: 3/5
   438 | D:1      | Learned a level 2 spell: Sticks to Snakes
   443 | D:2      | Found a blossoming altar of Fedhas.
   465 | D:2      | Became a worshipper of Fedhas Madash
   492 | D:2      | Noticed Terence
   499 | D:2      | Killed Terence
   499 | D:2      | Reached XP level 3. HP: 19/24 MP: 4/6
   545 | D:2      | Learned a level 3 spell: Spider Form
   553 | D:2      | Reached skill level 4 in Unarmed Combat
   553 | D:2      | Reached XP level 4. HP: 14/29 MP: 3/7
   560 | D:2      | Succumbed to an adder's poison

Vault maps used:
D:1:      nzn_arrival_settlement
D:2:      fedhas_altar_2, uniq_sigmund, uniq_jessica, uniq_terence

Skill      XL: |  1  2  3 |
---------------+----------+-----
Unarmed Combat | 4 |  4.0
Fighting       | |  1.8
Dodging        | |  2.6
Spellcasting   | |  2.0
Transmutations | |  2.0
Poison Magic   | |  0.3

Action                   |  1- 3 |  4- 6 || total
-------------------------+-------+-------++-------
Melee: Unarmed           |    36 |     1 ||    37
       Kick              |     9 |       ||     9
       Constrict         |     9 |       ||     9
       Tentacles         |     7 |       ||     7
 Cast: Beastly Appendage |     7 |       ||     7
       Spider Form       |     1 |       ||     1
Invok: Fungal Bloom      |     1 |       ||     1
  Use: Scroll            |     5 |       ||     5
       Potion            |       |     3 ||     3
 Stab: Sleeping          |     1 |       ||     1
Armor: Skin              |     2 |       ||     2
Dodge: Dodged            |    32 |     1 ||    33

Table legend:
 A = Spawn XP
 B = Non-spawn XP
 C = Spawn XP percentage of total XP
 D = Spawn monster count
 E = Non-spawn monster count
 F = Spawn count percentage of total count
 G = Total turns spent on level
                    A         B        C        D         E        F      G
               +---------+---------+-------+---------+---------+-------+---------
         Total |       0 |      84 |   0.0 |       0 |      19 |   0.0 |   560
               +---------+---------+-------+---------+---------+-------+---------
           D:1 |       0 |      21 |   0.0 |       0 |      11 |   0.0 |   439
           D:2 |       0 |      63 |   0.0 |       0 |       8 |   0.0 |   121
               +---------+---------+-------+---------+---------+-------+---------
